 Dungeon Crawl Stone Soup version 0.27-a0-242-ge0fc76b88b (webtiles) character file.

Game seed: 14640435730629976095

30 tsouns the Skirmisher (level 3, -10/34 HPs)
             Began as a Hill Orc Delver on Feb 2, 2021.
             Mangled by an ogre
             ... wielding a +0 giant club
              (18 damage)
             ... on level 5 of the Dungeon.
             The game lasted 00:02:10 (837 turns).

tsouns the Skirmisher (Hill Orc Delver)              Turns: 837, Time: 00:02:11

Health: -10/34     AC:  5    Str: 15    XL:     3   Next: 18%
Magic:  3/3        EV: 11    Int: 10    God:
Gold:   25         SH:  0    Dex: 12    Spells: 2/2 levels left

rFire    . . .     SeeInvis .   a - +0 hand axe
rCold    . . .     Faith    .   (no shield)
rNeg     . . .     Spirit   .   i - +0 ring mail
rPois    .         Reflect  .   (no helmet)
rElec    .         Harm     .   (no cloak)
rCorr    .         Rampage  .   (no gloves)
Will     .....                  (no boots)
Stlth    ++........             (no amulet)
HPRegen  0.11/turn              (no ring)
MPRegen  0.08/turn              (no ring)

@: hasted, very quick
A: no striking features
a: no special abilities


You were on level 5 of the Dungeon.
You visited 1 branch of the dungeon, and saw 1 of its levels.

You collected 25 gold pieces.

Inventory:

Hand Weapons
 a - a +0 hand axe (weapon)
Armour
 b - a +0 leather armour
 i - a +0 ring mail (worn)
Wands
 g - a wand of digging (3)
 h - a wand of mindburst (6)
Scrolls
 c - a scroll of fog
 d - a scroll of magic mapping
 e - a scroll of fear
 j - a scroll of blinking {unknown}
Potions
 f - 2 potions of haste


   Skills:
 + Level 4.4 Fighting
 + Level 3.8 Axes
 - Level 1.5 Dodging
 - Level 4.1 Stealth


You had 2 spell levels left.
You didn't know any spells.
Your spell library was empty.

Dungeon Overview and Level Annotations

Branches:
Dungeon (5/15)
 Temple: D:4-7

Altars:
Qazlal
Ru


Message History

A worker ant is nearby!
Found a scroll labelled ZOCSOB SEROO.
j - a scroll labelled ZOCSOB SEROO
Found an escape hatch in the floor.
There is an escape hatch in the floor here.
Found a stormy altar of Qazlal.
An ogre comes into view. It is wielding a +0 giant club.
Found a sacrificial altar of Ru.
Found a scroll labelled QEISEBRIZUA.
The ogre hits you with a +0 giant club!
You feel yourself speed up. The ogre hits you with a +0 giant club!
* * * LOW HITPOINT WARNING * * *
You hit the ogre.
The ogre is lightly wounded.
There is an escape hatch in the floor here.
You hit the ogre.
The ogre is moderately wounded.
The ogre hits you with a +0 giant club!!
Ouch! That really hurt!
You die...

+#.# #._8_..
...#
#.....######
...#
#...........
...# #.# ...#
#.# ...# #.#
..## #.# ..#
#O# ..# #..
#@# ###
#.#########.#
#.#.........#
#.#.#########
#.#.# #.#.#
#.#.#
######.#.####
............#


You could see an ogre.

Vanquished Creatures
  A bullfrog skeleton (D:5)
  A leopard gecko (D:5)
  A leopard gecko zombie (D:5)
3 creatures vanquished.

Notes
Turn   | Place    | Note
-------+----------+-------------------------------------------
     0 | D:5      | tsouns the Hill Orc Delver began the quest for the Orb.
     0 | D:5      | Reached XP level 1. HP: 19/19 MP: 1/1
    46 | D:5      | Noticed a jelly
    85 | D:5      | Reached XP level 2. HP: 6/28 MP: 2/2
    85 | D:5      | Reached XP level 3. HP: 8/34 MP: 3/3
   824 | D:5      | Found a stormy altar of Qazlal.
   826 | D:5      | Found a sacrificial altar of Ru.
   826 | D:5      | Noticed an ogre
   837 | D:5      | Mangled by an ogre

Illustrated notes

Levels and vault maps discovered:
D:5:      layout_basic, chequers_temple_overflow_statue_of_worship,
          serial_glass, glass_columns_a, glass_columns_c, due_unseen_surprise,
          feat_on_display, feat_on_display

Skill      XL: |  1 |
---------------+----+-----
Fighting       | 4 |  4.4
Axes           | 3 |  3.8
Dodging        | |  1.5
Stealth        | |  4.1

Action                   || total
-------------------------++-------
Melee: Hand axe          ||    27
  Use: Potion            ||     2
 Stab: Sleeping          ||     1
Armor: Leather armour    ||     3
       Ring mail         ||     1
Dodge: Dodged            ||    17

Table legend: (Time is in decaauts)
 A = Elapsed time spent in this place.
 B = Non-inter-level travel time spent in this place.
 C = Inter-level travel time spent in this place.
 D = Time resting spent in this place.
 E = Time spent auto-exploring this place.
 F = Levels seen in this place.
 G = Mean time per level.
                   A        B        C        D        E       F      G
               +--------+--------+--------+--------+--------+-----+--------+
         Total |    820 |    820 |      0 |      0 |    646 |   1 |  820.0 |
       Dungeon |    820 |    820 |      0 |      0 |    646 |   1 |  820.0 |
               +--------+--------+--------+--------+--------+-----+--------+

Top non-repeatable levels by time:
     D:5: 820 daAuts
